 Dungeon Crawl Stone Soup version 0.31-a0-204-g7da18cac08 (webtiles) character file.

Game seed: 13919865304124859921

242 qw the Skirmisher (level 5, -4/29 HPs)
             Began as a Deep Elf Hunter on June 27, 2023.
             Slain by a gnoll bouda
             ... wielding a +0 club
              (10 damage)
             ... on level 4 of the Dungeon.
             The game lasted 00:00:37 (1737 turns).

qw the Skirmisher (Deep Elf Hunter)                 Turns: 1737, Time: 00:00:37

Health: -4/29      AC:  3    Str: 10    XL:     5   Next: 81%
Magic:  7/7        EV: 13    Int: 14    God:
Gold:   193        SH:  0    Dex: 18    Spells: 4/4 levels left

rFire   . . .        Y - +0 shortbow
rCold   . . .        (shield currently unavailable)
rNeg    . . .        c - +0 leather armour
rPois   .            (no helmet)
rElec   .            (no cloak)
rCorr   .            (no gloves)
SInv    .            (no boots)
Will    .....        (no amulet)
Stlth   ++           (no ring)
HPRegen 0.24/turn    (no ring)
MPRegen 0.10/turn

%: no passive effects
@: weakened
A: no striking features
a: no special abilities


You were on level 4 of the Dungeon.
You visited 1 branch of the dungeon, and saw 3 of its levels.

You collected 193 gold pieces.


   Skills:
 + Level 1.5 Fighting
 - Level 9.0 Ranged Weapons
 - Level 3.5 Dodging
 - Level 1.2 Stealth


You had 4 spell levels left.
You didn't know any spells.
Your spell library was empty.

Inventory:

Hand Weapons
 Y - a +0 shortbow (weapon)
Armour
 b - a +0 helmet
 c - a +0 leather armour (worn)
 g - a +0 ring mail
Scrolls
 a - 3 scrolls of identify {unknown}
 f - 2 scrolls of teleportation {unknown}
 h - a scroll of noise {unknown}
 i - a scroll of torment {unknown}
Potions
 d - a potion of brilliance {unknown}
 e - a potion of attraction {unknown}

Dungeon Overview and Level Annotations

Branches:
Dungeon (2/15)

Altars:


Message History

You hear a shout!
You shoot an arrow.
The arrow closely misses the gnoll bouda.
You shoot an arrow.
The arrow barely misses the gnoll bouda.
An orc comes into view. It is wielding a +0 club.
You shoot an arrow.
The arrow hits the gnoll bouda but does no damage.
An orc comes into view. It is wielding a +0 mace.
You shoot an arrow. The orc shouts!
The arrow hits the gnoll bouda.
The gnoll bouda is lightly wounded.
You hear a shout! x2
Something hits you.
A gnoll comes into view. It is wielding a +0 halberd.
The gnoll bouda hits you with a +0 club.
You shoot an arrow. The arrow hits the gnoll bouda.
The gnoll bouda is lightly wounded.
You hear some strange, mumbled words.
You are confused.
The gnoll bouda barely misses you. Something hits you.
The gnoll bouda hits you with a +0 club.
An orc comes into view. It is wielding a +0 short sword.
The gnoll bouda closely misses you. Something hits you.
The orc hits you but does no damage. The gnoll bouda barely misses you.
Something hits you but does no damage.
You feel less confused. Something barely misses you.
The gnoll hits you from afar with a +0 halberd!
The gnoll bouda gazes fiercely through you!
You feel your attacks grow feeble. The gnoll bouda misses you.
The orc barely misses you.
You shoot an arrow. The arrow hits the gnoll bouda.
The gnoll bouda is lightly wounded.
The orc hits you with a +0 club. Something hits you.
The gnoll closely misses you.
The gnoll bouda hits you with a +0 club!
You die...

#)# #...........#
#.###########.######
............#.#
#.#########.#'#####
..#...............#
..#...............#
.##...............###.#.
.##...............')....
.##.............@.###.#
.##.............gog.....
........#####+###o).....
........# ..)....
........# .......
######### ....o..
....... #......


You could see a gnoll bouda, a gnoll and 3 orcs.

Vanquished Creatures
  An ogre (D:4)
  A jelly (D:4)
  An orc priest (D:4)
  An iguana (D:4)
  2 gnolls (D:4)
  An adder (D:4)
  An ufetubus (D:4)
  A worm (D:2)
  3 orcs (D:4)
  An endoplasm (D:1)
  2 giant cockroaches
  8 goblins
  6 hobgoblins
  3 jackals (D:1)
  A ball python (D:1)
  3 bats
  2 frilled lizards
  3 rats (D:1)
41 creatures vanquished.

Notes
Turn   | Place    | Note
-------+----------+-------------------------------------------
     0 | D:1      | qw the Deep Elf Hunter began the quest for the Orb.
     0 | D:1      | Reached XP level 1. HP: 12/12 MP: 3/3
     0 | D:1      | 0 ||| qw: Version: 0.3-a-22-g0ed2b0b
     0 | D:1      | 0 ||| qw: Game counter: 6585
     0 | D:1      | 0 ||| qw: Melee chars always use a shield: true
     0 | D:1      | 0 ||| qw: God list: Okawaru
     0 | D:1      | 0 ||| qw: Allow faded altars: false
     0 | D:1      | 0 ||| qw: Do Orc after clearing Dungeon:15 true
     0 | D:1      | 0 ||| qw: Do second Lair branch before Depths: true
     0 | D:1      | 0 ||| qw: Lair rune preference: random
     0 | D:1      | 0 ||| qw: Goals: Normal
     0 | D:1      | 0 ||| PLANNING D:1-11
   333 | D:1      | Reached XP level 2. HP: 16/16 MP: 4/4
   339 | D:1      | Reached skill level 6 in Ranged Weapons
   669 | D:1      | 669 ||| FLEEEEING.
   670 | D:1      | 670 ||| FLEEEEING.
   671 | D:1      | 671 ||| FLEEEEING.
   672 | D:1      | 672 ||| FLEEEEING.
   673 | D:1      | 673 ||| FLEEEEING.
   674 | D:1      | 674 ||| FLEEEEING.
   675 | D:1      | 675 ||| FLEEEEING.
   986 | D:1      | 986 ||| DROPPING ring of magical power.
   987 | D:1      | 987 ||| READING scroll labelled VEASENW PILYQU.
   988 | D:1      | 988 ||| DROPPING scroll of butterflies.
  1201 | D:2      | Reached XP level 3. HP: 20/20 MP: 5/5
  1224 | D:2      | You fall into a shaft and drop 2 floors!
  1247 | D:4      | Reached skill level 7 in Ranged Weapons
  1247 | D:4      | Reached XP level 4. HP: 25/25 MP: 6/6
  1252 | D:4      | Noticed an ogre
  1260 | D:4      | Killed an ogre
  1261 | D:4      | Reached skill level 8 in Ranged Weapons
  1261 | D:4      | Reached XP level 5. HP: 29/29 MP: 7/7
  1280 | D:4      | HP: 7/29 [iguana (4)]
  1282 | D:4      | HP: 1/29 [iguana (6)]
  1689 | D:4      | Reached skill level 9 in Ranged Weapons
  1722 | D:4      | Reached skill level 3 in Dodging
  1737 | D:4      | HP: 6/29 [something (2)]
  1737 | D:4      | Slain by a gnoll bouda

Levels and vault maps discovered:
D:1:      dpeg_arrival_leaves_temple_mockup, layout_loops_corners,
          serial_forest, infiniplex_forest_end_2, infiniplex_forest_clump_C,
          infiniplex_forest_straight_4, infiniplex_forest_straight_2,
          infiniplex_forest_straight_3, infiniplex_forest_straight_4,
          infiniplex_forest_end_1
D:2:      layout_basic, hellmonk_ecumenical_altar_pennies_from_heaven
D:4:      layout_basic, minmay_temple_entry_poolview,
          kennysheep_generic_room_15, uniq_crazy_yiuf_cottage

Skill      XL: |  1  2  3  4  5 |
---------------+----------------+-----
Ranged Weapons | 6 7 8 9 |  9.0
Dodging        | 3 |  3.5
Fighting       | |  1.5
Stealth        | |  1.2

Action                     |  1- 3 |  4- 6 || total
---------------------------+-------+-------++-------
   Fire: Shortbow          |    81 |    71 ||   152
    Use: Scroll            |     1 |       ||     1
 Armour: Leather armour    |    12 |    10 ||    22
  Dodge: Dodged            |    24 |    32 ||    56

Table legend:
 A = Non-vault XP
 B = Vault XP
 C = Vault XP percentage of total XP
 D = Non-vault monster count
 E = Vault monster count
 F = Vault count percentage of total count
                 A         B        C        D         E       F
            +---------+---------+-------+---------+---------+-------
      Total |     346 |       0 |   0.0 |      41 |       0 |   0.0
            +---------+---------+-------+---------+---------+-------
        D:1 |      35 |       0 |   0.0 |      22 |       0 |   0.0
        D:2 |      10 |       0 |   0.0 |       4 |       0 |   0.0
        D:4 |     301 |       0 |   0.0 |      15 |       0 |   0.0
            +---------+---------+-------+---------+---------+-------
